 Dungeon Crawl Stone Soup version 0.22.1-1-ga44c0e5 (webtiles) character file.

281 tifemel the Covered (level 6, 0/48 HPs)
             Began as a Formicid Fighter on Sept 26, 2018.
             Killed from afar by a white imp (7 damage)
             ... with a puff of frost
             ... summoned by Natasha
             ... on level 3 of the Dungeon.
             The game lasted 00:09:14 (2898 turns).

tifemel the Covered (Formicid Fighter)              Turns: 2898, Time: 00:09:15

Health: 0/48       AC:  7    Str: 23    XL:     6   Next: 53%
Magic:  6/6        EV:  8    Int:  7    God:
Gold:   150        SH:  9    Dex: 10    Spells: 5/5 levels left

rFire    . . .     SeeInvis +   a - +0 war axe
rCold    . . .     Gourm    .   c - +0 shield
rNeg     . . .     Faith    .   b - +0 scale mail
rPois    .         Spirit   .   (helmet unavailable)
rElec    .         Reflect  .   m - scarf {repulsion}
rCorr    .         Harm     .   (no gloves)
MR       .....                  (no boots)
Stlth    ..........             (no amulet)
HPRegen  0.16/turn              (no ring)
MPRegen  0.10/turn              (no ring)

@: repel missiles
A: permanent stasis, dig shafts and tunnels, four strong arms, antennae 3
a: Dig, Shaft Self


You were on level 3 of the Dungeon.
You were hungry.

You visited 1 branch of the dungeon, and saw 3 of its levels.

You collected 150 gold pieces.

Inventory:

Hand Weapons
 a - a +0 war axe (weapon)
Armour
 b - a +0 scale mail (worn)
 c - a +0 shield (worn)
 m - a scarf of repulsion (worn)
Jewellery
 p - an uncursed ring of magical power {unknown}
 s - a +4 ring of strength {unknown}
Scrolls
 g - a scroll of random uselessness {unknown}
 h - 3 scrolls of remove curse {unknown}
 i - a scroll of immolation {unknown}
 j - a scroll of enchant armour {unknown}
 k - 2 scrolls of teleportation {unknown}
 n - 3 scrolls of identify {unknown}
 q - a scroll of amnesia {unknown}
Potions
 d - 2 potions of might
 l - a potion of agility
 o - a potion of cancellation {unknown}
Comestibles
 f - 8 rations


   Skills:
 + Level 4.1 Fighting
 + Level 4.7 Axes
 + Level 4.9 Armour
 - Level 1.0 Dodging
 - Level 0.5 Stealth
 - Level 3.6 Shields


You had 5 spell levels left.
You didn't know any spells.
Your spell library was empty.

Dungeon Overview and Level Annotations

Branches:
Dungeon (3/15)

Altars:
Ru
Wu Jian

Annotations:
D:3 Natasha


Innate Abilities, Weirdness & Mutations

You cannot be hasted, slowed, berserked, paralysed or teleported.
You can dig through walls and to a lower floor.
Your four strong arms can wield two-handed weapons with a shield.
You have a pair of large antennae on your head. (SInv)


Message History

The white imp hits you.
* * * LOW HITPOINT WARNING * * *
The white imp freezes you.
* * * LOW HITPOINT WARNING * * *
Natasha casts a spell.
The white imp barely misses you.
There are monsters nearby!
What are your orders? t - Shout!
Orders for allies: a - Attack new target. r - Retreat! s - Stop attacking. g - Guard the area. f - Follow me.
Anything else - Cancel.
Okay, then.
There are monsters nearby!
It was a potion of haste.
Your stasis prevents you from being hasted.
The white imp gestures at you. The puff of frost hits you!
You die...

#.# ....# #
#.###....# ..
#.#....... ..##
#.#.5.....
...#.#.......
#[#5..<.....
#.5h#...#+#.
###5#...#
######.)@###.#
#......### ...
#......# .#.#
#......#####.#...
#............# ##
#...........(# ..
#............#
#.###
##..h........#
##...#
#..<....†...#
#....#


You could see Natasha (invisible), a crimson imp, a white imp and a shadow imp.

Vanquished Creatures
  An orc priest (D:3)
  2 orc wizards
  Natasha (D:3)
  5 adders
  3 gnolls
  3 worms
  5 dart slugs
  A leopard gecko (D:3)
  5 orcs (D:3)
  8 bats
  3 giant cockroaches
  4 goblins
  6 hobgoblins
  4 jackals (D:2)
  4 frilled lizards
  11 kobolds
  10 rats
76 creatures vanquished.

Notes
Turn   | Place    | Note
-------+----------+-------------------------------------------
     0 | D:1      | tifemel the Formicid Fighter began the quest for the Orb.
     0 | D:1      | Reached XP level 1. HP: 18/18 MP: 1/1
    94 | D:1      | Reached XP level 2. HP: 21/24 MP: 2/2
   285 | D:1      | Reached XP level 3. HP: 29/29 MP: 3/3
  1268 | D:2      | Reached XP level 4. HP: 23/37 MP: 4/4
  1711 | D:2      | Found a sacrificial altar of Ru.
  1739 | D:2      | Reached XP level 5. HP: 41/42 MP: 5/5
  2108 | D:3      | Reached skill level 1 in Dodging
  2481 | D:3      | Reached XP level 6. HP: 48/48 MP: 6/6
  2515 | D:3      | Found an ornate altar of the Wu Jian Council.
  2773 | D:3      | Noticed Natasha
  2786 | D:3      | Killed Natasha
  2825 | D:3      | Noticed Natasha
  2898 | D:3      | Killed from afar by a white imp

Skill      XL: |  1  2  3  4  5  6 |
---------------+-------------------+-----
Armour         | 4 |  4.9
Axes           | 3 4 |  4.7
Dodging        | 1 |  1.0
Fighting       | 4 |  4.1
Stealth        | |  0.5
Shields        | |  3.6

Action                   |  1- 3 |  4- 6 || total
-------------------------+-------+-------++-------
Melee: War axe           |   100 |   178 ||   278
  Use: Potion            |       |     1 ||     1
  Eat: Chunk             |     1 |     5 ||     6
Armor: Scale mail        |    45 |    58 ||   103
Dodge: Dodged            |    44 |    66 ||   110
       Deflected         |       |     2 ||     2
Block: Shield            |    56 |   118 ||   174
